 Dungeon Crawl Stone Soup version 0.26-a0-926-g43279f1ce9 (webtiles) character file.

Game seed: 2151456252102472609

1005065 Favre the Conqueror (level 27, -2/199 HPs)
             Began as a Gargoyle Earth Elementalist on Nov 23, 2020.
             Was the Champion of Vehumet.
             Killed by the air
             ... invoked by a wind drake
             ... summoned by a green draconian stormcaller
             ... summoned by a gelid corrupter
              (23 damage)
             ... on level 20 of a ziggurat on Nov 26, 2020.
             The game lasted 05:21:47 (95131 turns).

Favre the Conqueror (Gargoyle Earth Elementalist)  Turns: 95131, Time: 05:21:48

Health: -2/199     AC: 47    Str: 13    XL:     27
Magic:  35/63      EV: 21    Int: 37    God:    Vehumet [******]
Gold:   7916       SH:  4    Dex: 13    Spells: 21/80 levels left

rFire    + + +     SeeInvis +   Q - +3 Elemental Staff {rElec rF++ rC++ MR++ AC+5}
rCold    + + +     Faith    .   (no shield)
rNeg     + . .     Spirit   .   m - +2 robe {rC+ rF+}
rPois    ∞         Reflect  .   l - +2 helmet of Shadows and Fog {MR++}
rElec    +         Harm     .   y - +2 cloak {Stlth+}
rCorr    +         Rampage  .   k - +2 pair of gloves {Dex+3}
MR       +++++                  h - +2 pair of boots {run}
Stlth    ++++......             f - amulet of Xom's Ringing Laughter {Acrobat *Drain MP+9 SInv}
HPRegen  0.43/turn              b - ring of Mibyisus {rF+ rCorr Int+4}
MPRegen  0.38/turn              F - ring of Tisish {+Blink MR++ AC+4 Int+7}

@: liquid flames, flying, contaminated, slowed, glowing, studying 3 skills,
drained, very slow
A: big wings, talons 2, large bone plates 1, [blurry vision 1], dopey 1,
negative energy resistance 1, electricity resistance, unbreathing, petrification
resistance, rot immunity, AC +20
}: 5/15 runes: serpentine, barnacled, slimy, silver, abyssal
a: Stop Flying, Renounce Religion, Evoke Blink


You were on level 20 of a ziggurat.
You worshipped Vehumet.
Vehumet was exalted by your worship.
You visited 11 branches of the dungeon, and saw 53 of its levels.
You visited the Abyss 1 time.
You visited 1 bazaar.
You visited 2 ziggurats (completing 1), and saw 47 of their levels.
You also visited: Ice Cave, Volcano and Wizlab.

You collected 13118 gold pieces.
You spent 5202 gold pieces at shops.

Inventory:

Hand Weapons
 p - the +7 great mace "Undeadhunter" {disrupt, rN+}
   (You found it on level 11 of a ziggurat)

   It protects you from negative energy.
 O - a +9 eveningstar of protection
 Q - the +3 Elemental Staff (weapon) {rElec rF++ rC++ MR++ AC+5}
   (You found it on level 21 of a ziggurat)

   It affects your AC (+5).
   It greatly protects you from fire.
   It greatly protects you from cold.
   It insulates you from electricity.
   It affects your resistance to hostile enchantments.
Missiles
 Y - 6 throwing nets (quivered)
Armour
 h - a +2 pair of boots of running (worn)
 k - a +2 pair of gloves of dexterity (worn)
 l - the +2 helmet of Shadows and Fog (worn) {MR++}
   (You found it on level 12 of the Dungeon)

   It affects your resistance to hostile enchantments.
 m - a +2 robe of resistance (worn)
 y - a +2 cloak of stealth (worn)
 D - the +0 hat "Murelick" {rF++ SInv Stlth-}
   (You found it on level 13 of a ziggurat)

   It greatly protects you from fire.
   It lets you see invisible.
   It makes you less stealthy.
Jewellery
 b - the ring of Mibyisus (left hand) {rF+ rCorr Int+4}
   (You bought it in a shop on level 1 of the Elven Halls)

   [ring of resist corrosion]

   It affects your intelligence (+4).
   It protects you from fire.
   It provides partial protection from all sources of acid and corrosion.
 f - the amulet of Xom's Ringing Laughter (around neck) {Acrobat *Drain MP+9 SInv}
   (You found it on level 5 of the Pits of Slime)

   [amulet of the acrobat]

   It helps you evade while moving and waiting.
   It affects your magic capacity (+9).
   It lets you see invisible.
   It causes draining when unequipped.
 i - the ring of Vyatawk {*Corrode rN+++ MP+9}
   (You found it on level 23 of a ziggurat)

   [ring of magical power]

   It renders you almost immune to negative energy.
   It affects your magic capacity (+9).
   It may corrode you when you take damage.
 x - the ring of Shadows {Umbra +Inv Stlth+}
   (You found it on level 11 of a ziggurat)

   [ring of stealth]

   It lets you turn invisible.
   It makes you more stealthy.
 C - the amulet of the Four Winds {rN+ MR+++ Clar}
   (You found it on level 13 of a ziggurat)

   [amulet of nothing]

   It protects you from negative energy.
   It affects your resistance to hostile enchantments.
   It protects you against confusion.
 F - the ring of Tisish (right hand) {+Blink MR++ AC+4 Int+7}
   (You acquired it on level 13 of a ziggurat)

   [ring of protection]

   It affects your AC (+4).
   It affects your intelligence (+7).
   It affects your resistance to hostile enchantments.
   It lets you blink.
 H - the ring of Phasing {EV+8}
   (You found it on level 17 of a ziggurat)

   [ring of evasion]

   It affects your evasion (+8).
 I - the ring of Vufasoniy {Wiz Str+2}
   (You found it on level 13 of a ziggurat)

   [ring of wizardry]

   It improves your spell success rate.
   It affects your strength (+2).
Wands
 c - a wand of digging (17)
 u - a wand of acid (13)
 V - a wand of iceblast (32)
Scrolls
 a - 45 scrolls of remove curse
 g - 4 scrolls of holy word
 n - 8 scrolls of magic mapping
 q - 39 scrolls of identify
 s - 45 scrolls of teleportation
 v - 14 scrolls of amnesia
 z - 37 scrolls of fog
 E - 11 scrolls of fear
 K - a scroll of summoning
 M - 9 scrolls of enchant armour
 U - 9 scrolls of blinking
Potions
 d - 31 potions of curing
 e - 2 potions of magic
 j - 4 potions of might
 r - 6 potions of resistance
 t - 7 potions of brilliance
 w - 2 potions of invisibility
 A - a potion of berserk rage
 B - 7 potions of cancellation
 L - 29 potions of mutation
 P - 5 potions of attraction
 W - 2 potions of ambrosia
 Z - 7 potions of heal wounds
Books
 o - a manual of Earth Magic
 N - a manual of Evocations
 T - a manual of Hexes
Miscellaneous
 G - a box of beasts
 J - a phantom mirror
 R - a condenser vane
 S - a tin of tremorstones (1/2)
 X - a lightning rod (4/4)


   Skills:
 O Level 27(26.0) Fighting
 - Level 16.0(15.4) Maces & Flails
 - Level 5.5(11.2) Staves
 - Level 6.0(5.3) Armour
 - Level 15.0(14.2) Dodging
 + Level 26.9(25.9) Stealth
 O Level 27(26.0) Spellcasting
 - Level 22.0(21.1) Conjurations
 - Level 18.0(17.1) Necromancy
 - Level 10.0(9.3) Transmutations
 - Level 22.0(21.0) Fire Magic
 - Level 3.0(2.4) Air Magic
 - Level 22.0(21.0) Earth Magic
 - Level 10.0(9.3) Evocations


You had 21 spell levels left.
You knew the following spells:

 Your Spells              Type           Power        Failure   Level
a - Shatter               Erth           ########..   2%          9
b - Stone Arrow           Conj/Erth      ######       0%          3
c - Lee's Rapid Deconstr  Erth           ########..   0%          5
d - Iron Shot             Conj/Erth      ########..   0%          6
e - Necromutation         Tmut/Necr      #######...   12%         8
f - Fire Storm            Conj/Fire      ########..   2%          9
g - Ignition              Fire           ########..   1%          8
h - Blink                 Tloc           N/A          1%          2
i - Death's Door          Necr           ########..   36%         9

Your spell library contained the following spells:

 Spells                   Type           Power        Failure   Level
 Chain Lightning          Conj/Air       ########..   6%          8
 Animate Skeleton         Necr           ######       0%          1
 Beastly Appendage        Tmut           ######       0%          1
 Foxfire                  Conj/Fire      ####         0%          1
 Magic Dart               Conj           ####         0%          1
 Pain                     Necr           ####         0%          1
 Sandblast                Erth           ######       0%          1
 Shock                    Conj/Air       ####         0%          1
 Corpse Rot               Necr/Air       N/A          0%          2
 Passwall                 Tmut/Erth      ########     0%          2
 Searing Ray              Conj           ######       0%          2
 Wereblood                Tmut           #######.     0%          2
 Conjure Flame            Conj/Fire      ########     0%          3
 Dazzling Flash           Conj/Hex       ######       0%          3
 Ignite Poison            Fire/Tmut/Pois ########     0%          3
 Inner Flame              Hex/Fire       ########     0%          3
 Static Discharge         Conj/Air       ########     0%          3
 Vampiric Draining        Necr           ########..   0%          3
 Animate Dead             Necr           ########..   0%          4
 Dispel Undead            Necr           ########     0%          4
 Petrify                  Tmut/Erth      ########     0%          4
 Sticky Flame             Conj/Fire      ########     0%          4
 Agony                    Necr           ########     0%          5
 Bolt of Magma            Conj/Fire/Erth #########.   0%          5
 Borgnjor's Vile Clutch   Necr/Erth      ########..   0%          5
 Excruciating Wounds      Necr           ########..   0%          5
 Fireball                 Conj/Fire      ########..   0%          5
 Irradiate                Conj/Tmut      ########..   0%          5
 Iskenderun's Battlesphe  Conj           ########     0%          5
 Starburst                Conj/Fire      ########..   0%          6
 Apportation              Tloc           #####.       1%          1
 Corona                   Hex            #####..      1%          1
 Sting                    Tmut/Pois      ####         1%          1
 Summon Small Mammal      Summ           ####         1%          1
 Call Imp                 Summ           #####...     1%          2
 Ensorcelled Hibernation  Hex/Ice        ######       1%          2
 Poisonous Vapours        Pois/Air       ######       1%          2
 Slow                     Hex            #####...     1%          2
 Swiftness                Air            #######.     1%          2
 Call Canine Familiar     Summ           #####...     1%          3
 Confusing Touch          Hex            #####...     1%          3
 Gell's Gravitas          Tloc           #####.....   1%          3
 Lesser Beckoning         Tloc           #####.....   1%          3
 Mephitic Cloud           Conj/Pois/Air  ########     1%          3
 Portal Projectile        Hex/Tloc       #####.       1%          3
 Spider Form              Tmut/Pois      ######....   1%          3
 Summon Guardian Golem    Hex/Summ       #####...     1%          3
 Teleport Other           Tloc           #####...     1%          3
 Tukima's Dance           Hex            #####...     1%          3
 Airstrike                Air            #######...   1%          4
 Fulminant Prism          Conj/Hex       #######...   1%          4
 Ice Form                 Ice/Tmut       #######.     1%          4
 Iskenderun's Mystic Bla  Conj/Tloc      #######.     1%          4
 Leda's Liquefaction      Hex/Erth       ########..   1%          4
 Olgreb's Toxic Radiance  Pois           #####...     1%          4
 Alistair's Intoxication  Tmut/Pois      ######...    1%          5
 Blade Hands              Tmut           #######...   1%          5
 Lightning Bolt           Conj/Air       ########..   1%          5
 Yara's Violent Unravell  Hex/Tmut       ######....   1%          5
 Conjure Ball Lightning   Conj/Air       ########..   1%          6
 Death Channel            Necr           ########..   1%          6
 Freezing Cloud           Conj/Ice/Air   ########..   1%          6
 Hydra Form               Tmut           #######...   1%          6
 Simulacrum               Ice/Necr       ########..   1%          6
 Orb of Destruction       Conj           ########..   1%          7
 Spellforged Servitor     Conj/Summ      #######...   1%          7
 Summon Lightning Spire   Summ/Air       ######..     2%          4
 Borgnjor's Revivificati  Necr           ########..   2%          8
 Infestation              Necr           ########..   2%          8
 Cause Fear               Hex            #####.....   4%          4
 Passage of Golubria      Tloc           N/A          4%          4
 Summon Ice Beast         Ice/Summ       ######..     4%          4
 Silence                  Hex/Air        ######....   7%          5
 Dragon Form              Tmut           #######...   8%          7
 Eringya's Noxious Bog    Tmut/Pois      ######....   10%         6
 Haunt                    Necr/Summ      #######...   11%         7
 Metabolic Englaciation   Hex/Ice        ######....   12%         5
 Summon Demon             Summ           #####.....   12%         5
 Summon Forest            Summ/Tloc      #####.....   12%         5
 Summon Mana Viper        Hex/Summ       #####...     12%         5
 Ozocubu's Refrigeration  Ice            ######....   17%         6
 Dispersal                Tloc           #####.....   54%         6
 Invisibility             Hex            #####...     54%         6
 Shadow Creatures         Summ           N/A          54%         6
 Malign Gateway           Summ/Tloc      #####.....   98%         7
 Monstrous Menagerie      Summ           #####.....   98%         7
 Summon Greater Demon     Summ           #####.....   98%         7
 Summon Hydra             Summ           #####.....   98%         7
 Discord                  Hex            #####.....   100%        8
 Disjunction              Tloc           #####.....   100%        8
 Summon Horrible Things   Summ           #####.....   100%        8
 Dragon's Call            Summ           #####.....   100%        9
 Tornado                  Air            #######...   100%        9
 Sublimation of Blood     Necr           Unusable     N/A         2
 Statue Form              Tmut/Erth      Unusable     N/A         6

Dungeon Overview and Level Annotations

Branches:
Dungeon (15/15)            Temple (1/1) D:4            Lair (6/6) D:9
 Shoals (4/4) Lair:2        Snake (4/4) Lair:3        Slime (5/5) Lair:5
    Orc (2/2) D:9             Elf (3/3) Orc:2        Vaults (5/5) D:14
  Crypt (3/3) Vaults:3       Tomb (0/3) Crypt:3      Depths (5/5) D:15
    Zot (0/5) Depths:5      IceCv (visited)         Volcano (visited)
 WizLab (visited)

Altars:
Ashenzari
Cheibriados
Dithmenos
Elyvilon
Fedhas
Gozag
Hepliaklqana
Kikubaaqudgha
Makhleb
Nemelex Xobeh
Okawaru
Qazlal
Ru
Sif Muna
Trog
Uskayaw
Vehumet
Wu Jian
Xom
Yredelemnul
Zin
The Shining One
Beogh
Jiyva

Shops:
D:4 ?   D:11 (   D:12 ?   D:13 ?   D:15 (   Orc:2 :*[(   Elf:1 *=}}   Elf:3 ?[[
Shoals:1 *   Shoals:3 *   Snake:3 }*   Vaults:3 (   Vaults:5 ???=(([(

Portals:
Hell: Depths:1 Depths:2 Depths:3 Depths:4 Depths:5
Abyss: Depths:2 Depths:3 Depths:4
Pandemonium: Depths:2 Depths:3 Depths:4

Annotations:
D:5 3 runed translucent doors, Froggeryz's ghost, weakling FoDe; Gargoyl's ghost, novice GnAK
Lair:1 1 runed translucent door, RaHiT's ghost, journeyman OpDe
Lair:3 1 runed translucent door, Thargor's ghost, journeyman KoMo
Shoals:4 Queen's ghost, adept GrBe
Elf:2 6 runed translucent doors, Flure's ghost, adept DgIE


Innate Abilities, Weirdness & Mutations

You are resistant to torment.
Your stone body is resilient. (AC +20)
You are immune to poison.
Your large and strong wings let you fly indefinitely.
You resist negative energy. (rN+)
You are resistant to electric shocks. (rElec)
You can survive without breathing.
You are immune to petrification.
You are immune to rotting.
You have razor-sharp toenails.
You are partially covered in large bone plates. (SH +4)
You are dopey. (Int -2)
[Scrolls take you a little longer to read.]


Message History

Strange energies course through your body.
You feel stupid.
A large abomination comes into view.
The monstrous blood saint is engulfed in blazing flames.
A shadow demon comes into view.
The torturous warmonger hits you but does no damage.
The sphere of damnation explodes!
The damnation engulfs your fire vortex!!
The damnation engulfs the infernal warmonger!!
The damnation engulfs the infernal black sun!!
The gelid black sun hits you but does no damage.
The Tzitzimitl is engulfed in blazing flames.
The Tzitzimitl calls on the powers of darkness!
Your body is wracked with pain!
* * * LOW HITPOINT WARNING * * *
The rime drake convulses!
The cherub convulses!
The torturous blood saint closely misses you.
The wind drake flaps its wings at you.
The air twists around and violently strikes you in flight!!
You die...

...........▓▓
k...........▓▓
l..2.........▓▓
kq.A..........▓▓
2#6....1.#.....▓▓
k##°.4..##......▓▓
6°v)○°664........▓▓
16.62)6@..........▓▓
X..°°°2§.(.......∩.▓
3.°611.2..........▓▓
2)6..............▓▓
2##6....##......▓▓
.#.......#.....▓▓
..............▓▓
.............▓▓
..........▓▓


You could see 2 Tzitzimimeh, a Brimstone Fiend (black mark, resistant), an Ice
Fiend (agile, resistant, misshapen), a cacodemon (fast, strong, black mark), 2
demonspawn, a green draconian stormcaller (summoned, fast, slow), a lorocyproca
(fast, agile, invisible), 3 balrugs, a cherub (fast, strong, black mark), a
gelid corrupter (strong, black mark, misshapen), 2 demonspawn, a blizzard demon
(strong, black mark, slow), 5 demonspawn, a soul eater (summoned, agile), 2 wind
drakes, a shadow demon (black mark, vulnerable), a large abomination (fast,
strong, black mark), a hellwing (strong), a komodo dragon (summoned), a rust
devil (fast, black mark, resistant), a rime drake (summoned) and a friendly fire
vortex.

Vanquished Creatures
  the Royal Jelly (Slime:5)
  Dissolution (Slime:3)
  13 juggernauts
  12 ancient liches
  12 royal mummies (Zig:23)
  Frederick (Vaults:4)
  5 shard shrikes
  13 pandemonium lords
  13 Killer Klowns
  Saint Roka (Snake:2)
  Xtahua (Vaults:4)
  Vashnia (Snake:3)
  A curse toe (Crypt:3)
  2 caustic shrikes
  13 bone dragons
  3 profane servitors
  8 golden dragons
  2 Brimstone Fiends
  10 iron giants
  4 Tzitzimimeh
  6 hellephants
  Jorgrun (D:12)
  17 liches
  4 Hell Sentinels
  8 Ice Fiends
  12 quicksilver dragons
  10 tentacled monstrosities
  2 deep elf blademasters (Elf:3)
  4 Executioners (Zig:18)
  8 titans
  12 sphinxes
  2 deep elf master archers (Elf:3)
  29 ancient champions
  10 tentacled starspawn
  2 krakens
  17 storm dragons
  2 sphinxes (shapeshifter) (Zig:22)
  24 acid blobs
  Ilsuiw (Shoals:2)
  Donald (Crypt:1)
  24 large abominations
  17 azure jellies
  Roxanne (Snake:4)
  10 shadow dragons
  10 draconian monks
  8 tengu reavers
  22 revenants
  4 warmongers
  A fenstrider witch (shapeshifter) (Zig:6)
  5 deep elf sorcerers
  A fire giant (shapeshifter) (Zig:22)
  2 daevas (Zig:19)
  17 frost giants
  A frost giant (shapeshifter) (Zig:22)
  12 fire giants
  56 nagarajas
  3 ghost moths (Zig:25)
  An emperor scorpion (Zig:25)
  6 orc warlords
  12 vault wardens
  10 draconian knights
  5 cacodemons
  2 balrugs (Zig:18)
  8 iron dragons
  11 draconian shifters
  5 deep elf elementalists (Elf:3)
  2 caustic shrike zombies (Zig:24)
  A juggernaut zombie (Zig:15)
  Aizul (Snake:2)
  21 ironheart preservers
  2 caustic shrike skeletons
  7 draconian scorchers
  16 ghouls
  14 curse skulls
  3 spriggan defenders
  5 draconian stormcallers
  33 reapers
  10 war gargoyles
  An ophan (Abyss:2)
  18 very ugly things
  A stone giant (shapeshifter) (Zig:18)
  9 draconian annihilators
  24 stone giants
  5 juggernaut skeletons
  2 blood saints
  2 bennus (Zig:23)
  5 green draconians
  4 corrupters
  11 deep elf demonologists
  5 lorocyprocas
  3 black suns
  2 entropy weavers (Zig:16)
  22 vampire knights
  4 black draconians
  3 white draconians
  2 dire elephants
  6 deep elf annihilators
  A dire elephant (shapeshifter) (Zig:4)
  8 orange crystal statues
  2 red draconians (Zig:21)
  22 deep elf death magi
  6 purple draconians
  2 yellow draconians
  9 spark wasps
  3 bunyips (Zig:25)
  22 eidola
  21 merfolk javelineers
  3 eleionomae (shapeshifter) (Zig:22)
  12 blizzard demons
  4 crystal guardians (Depths:4)
  11 mummy priests
  14 death oozes
  17 jiangshi
  20 ettins
  3 green deaths
  A quicksilver dragon zombie (Zig:24)
  19 yaktaur captains
  12 fire dragons
  14 merfolk impalers
  10 great orbs of eyes
  3 deep elf high priests
  Harold (Orc:1)
  Fannar (D:12)
  28 vault guards
  29 naga warriors
  25 hydras
  4 quicksilver dragon skeletons
  12 boulder beetles
  The ghost of Perttuleena the Spear-Bearer, a journeyman DsCK of Xom (D:10)
  2 merfolk avatars
  11 rakshasas
  18 ice dragons
  9 centaur warriors
  An anaconda (shapeshifter) (Vaults:2)
  5 catoblepae
  An alligator snapping turtle (shapeshifter) (Zig:22)
  3 hell beasts
  An alligator (shapeshifter) (Zig:22)
  11 merfolk aquamancers
  24 two-headed ogres
  17 dancing weapons
  19 anacondas
  5 alligator snapping turtles
  10 death knights
  A catoblepas (shapeshifter) (Elf:3)
  A two-headed ogre (shapeshifter) (Depths:5)
  10 death yaks
  14 ogre magi
  7 deep troll shamans
  3 tengu warriors
  6 death scarabs (Zig:23)
  29 vampire magi
  8 deep troll earth magi
  3 satyrs
  6 spriggan berserkers
  27 naga sharpshooters
  9 orc high priests
  13 thrashing horrors
  5 titan zombies
  5 shock serpents (shapeshifter)
  A sun demon (Volcano)
  3 storm dragon zombies (Zig:17)
  A titan skeleton (Zig:19)
  Sonja (D:11)
  An iron golem (Zig:24)
  An iron troll (shapeshifter) (Zig:6)
  16 shock serpents
  4 soul eaters
  18 deep elf knights
  13 wretched stars
  5 iron trolls
  13 shadow wraiths
  A spatial maelstrom (Zig:19)
  4 sixfirhies
  A fire crab (shapeshifter) (Vaults:5)
  4 unseen horrors
  48 skeletal warriors
  3 golden dragon zombies
  A gelid demonspawn (Depths:4)
  4 salamander mystics
  6 shadow demons
  30 deep trolls
  20 sea snakes
  A bunyip zombie (Crypt:2)
  7 death drakes (Zig:27)
  A spriggan druid (Zig:5)
  A storm dragon skeleton (Zig:17)
  13 hell knights
  6 bog bodies (Crypt:2)
  14 flayed ghosts
  2 unseen horrors (shapeshifter)
  A spark wasp zombie (Zig:15)
  6 wizards
  A goliath frog (Zig:25)
  An anaconda zombie (Crypt:2)
  A sea snake (shapeshifter) (Zig:16)
  4 glowing orange brains
  2 obsidian statues
  2 swamp dragons (shapeshifter)
  An infernal demonspawn (Zig:18)
  A torturous demonspawn (Zig:11)
  8 deep elf archers
  16 ironbrand convokers
  6 lindwurms
  3 shadow dragon zombies
  8 swamp dragons
  Pikel (D:5)
  20 phantasmal warriors
  13 naga ritualists
  An orb spider (shapeshifter) (Vaults:3)
  3 tengu zombies
  10 necromancers
  42 harpies
  3 golden dragon skeletons
  8 wolf spiders
  4 orb spiders
  4 sphinx zombies
  A wolf spider zombie (D:14)
  8 fauns
  19 mana vipers
  2 shining eyes (shapeshifter)
  A stone giant zombie (Crypt:1)
  64 deep elf magi
  5 worldbinders
  17 orc knights
  24 salamanders
  2 oklob plants (Lair:2)
  39 ugly things
  9 iron dragon zombies
  A frost giant zombie (Vaults:1)
  4 shadow dragon skeletons
  20 manticores
  A moth of wrath (shapeshifter) (Zig:5)
  2 fauns (shapeshifter)
  4 spriggan zombies
  5 sphinx skeletons
  11 orc sorcerers
  20 cyclopes
  3 fire giant zombies (Zig:15)
  A mana viper (shapeshifter) (Zig:4)
  2 iron dragon skeletons
  5 shining eyes
  14 rust devils
  11 merfolk sirens
  17 vault sentinels
  11 water nymphs
  4 ice statues
  32 naga magi
  A fire giant skeleton (Crypt:2)
  3 frost giant skeletons
  60 black mambas
  6 moths of wrath
  A water nymph (shapeshifter) (Zig:6)
  13 smoke demons
  4 torpor snails
  11 elephants
  25 guardian serpents
  17 cane toads
  A gargoyle (Volcano)
  3 apocalypse crabs
  4 centaur skeletons
  A green draconian zombie (Crypt:2)
  A stone giant skeleton (Vaults:1)
  2 eyes of devastation
  10 swamp worm zombies (Crypt:3)
  9 hellions
  A molten gargoyle (Volcano)
  5 orange demons
  A torpor snail (shapeshifter) (Zig:16)
  A spriggan skeleton (Zig:19)
  A catoblepas zombie (Crypt:1)
  28 freezing wraiths
  52 yaktaurs
  2 efreet (Abyss:3)
  3 kobold demonologists
  9 komodo dragons
  22 tormentors
  21 guardian mummies
  8 ice devils
  2 human zombies
  13 rime drakes
  4 demonic crawlers
  2 komodo dragons (shapeshifter)
  2 yaktaurs (shapeshifter)
  11 ancient zymes
  2 yaktaur skeletons
  4 red devils
  A silent spectre (Zig:19)
  2 tengu conjurers
  11 trolls
  13 wind drakes
  2 meliai (shapeshifter) (Vaults:2)
  55 merfolk
  A troll (shapeshifter) (Vaults:1)
  2 jumping spiders
  A meliai (Zig:9)
  A wind drake (shapeshifter) (Depths:1)
  A tyrant leech (Zig:25)
  5 hornets
  A merfolk (shapeshifter) (Zig:22)
  A jumping spider (shapeshifter) (Elf:2)
  A minotaur skeleton (Crypt:3)
  14 polar bears
  110 slime creatures
  35 blink frogs
  12 snapping turtles
  A slime creature (shapeshifter) (Zig:6)
  18 raiju
  10 dream sheep
  A dream sheep (shapeshifter) (Abyss:3)
  A satyr zombie (Crypt:3)
  A snapping turtle (shapeshifter) (Zig:16)
  An ice dragon zombie (Zig:3)
  A black mamba zombie (Crypt:1)
  2 frost giant simulacra
  7 redbacks
  48 starcursed masses
  5 elf skeletons
  An ettin skeleton (Crypt:1)
  17 flying skulls
  3 air elementals
  Sigmund (D:5)
  An alligator skeleton (Crypt:1)
  2 spriggans (Depths:2)
  3 shadows
  8 tarantellas
  8 ushabtiu
  13 wraiths
  71 yaks
  9 ynoxinuls
  Eustachio (D:7)
  A redback (shapeshifter) (Zig:22)
  7 fire bats
  A yak (shapeshifter) (Zig:19)
  An ice dragon skeleton (Crypt:1)
  11 wyverns
  5 basilisks
  31 water elementals
  3 fire elementals
  A golden eye (Zig:10)
  20 chaos spawn
  8 humans (D:14)
  7 neqoxecs
  4 steam dragons
  8 vampire mosquitoes
  A merfolk zombie (Crypt:2)
  68 nagas
  2 swamp worms (shapeshifter) (Zig:22)
  8 spatial vortices
  15 wargs
  Duvessa (D:6)
  A soldier ant (D:13)
  13 water moccasins
  4 insubstantial wisps (Abyss:2)
  A floating eye (Zig:10)
  72 orc warriors
  6 acid dragons
  A floating eye (shapeshifter) (Zig:22)
  8 hell hounds
  A torturous demonspawn skeleton (Crypt:1)
  14 ice beasts
  A meliai simulacrum (D:15)
  10 swamp drakes (Zig:27)
  6 sky beasts
  A lindwurm zombie (Crypt:1)
  7 elf zombies
  9 eyes of draining
  3 phantoms
  A hornet zombie (D:15)
  5 black bears
  11 necrophages
  A centaur (shapeshifter) (Vaults:5)
  An ogre (shapeshifter) (Depths:1)
  27 wolves
  13 centaurs
  A snapping turtle skeleton (Crypt:1)
  12 boggarts
  41 ogres
  A hog zombie (Crypt:2)
  6 big kobolds
  14 small abominations
  Blork the orc (D:5)
  2 gnoll sergeants (D:7)
  11 bullfrogs
  A wyvern zombie (D:11)
  3 earth elementals
  A gelid demonspawn simulacrum (Crypt:1)
  A salamander skeleton (Crypt:1)
  A cyclops skeleton (Crypt:1)
  3 scorpions
  Dowan (D:6)
  A queen bee zombie (Crypt:1)
  A polar bear zombie (Crypt:1)
  6 killer bees (D:9)
  17 wights
  6 howler monkeys
  A raiju skeleton (Crypt:3)
  5 centaur zombies
  2 quasits (Abyss:3)
  13 jellies
  4 lava snakes
  A bullfrog zombie (D:6)
  9 hounds
  A human simulacrum (Vaults:3)
  26 orc priests
  4 bullfrog skeletons
  A gnoll shaman (D:5)
  40 orc wizards
  3 iguanas
  11 iron imps
  11 worker ants
  2 ogre skeletons (Crypt:2)
  A big kobold skeleton (Crypt:3)
  34 mummies
  A hound skeleton (D:11)
  A howler monkey zombie (D:5)
  Robin (D:3)
  A howler monkey skeleton (D:11)
  10 adders
  6 gnolls
  A scorpion zombie (Crypt:3)
  3 shadow imps (Zig:8)
  16 white imps
  A worker ant simulacrum (D:10)
  3 ufetubi
  13 oozes (Lair:3)
  An adder zombie (D:7)
  5 worms
  4 dart slugs
  3 leopard geckos
  102 orcs
  18 goblins
  6 hobgoblins
  14 jackals
  26 kobolds
  4 quokkas
  A ball python (D:3)
  6 bats
  A dart slug zombie (Crypt:2)
  3 frilled lizards
  2 leopard gecko skeletons
  A quokka skeleton (D:5)
  A quokka zombie (D:9)
  4 rats
  A bush (Lair:4)
  57 fire vortices
  A lurking horror (Abyss:3)
  4 plants (Zig:11)
  4 starspawn tentacles
  5 tentacles
4104 creatures vanquished.

Vanquished Creatures (collateral kills)
  A golden dragon (Depths:5)
  An acid blob (Zig:4)
  A shadow dragon (Zig:27)
  A very ugly thing (Zig:4)
  2 mummy priests (Zig:6)
  A soul eater (Zig:19)
  A golden dragon zombie (Zig:24)
  An oklob plant (Lair:3)
  A tengu skeleton (Zig:19)
  A tarantella (Zig:9)
  A swamp drake (Zig:27)
  A mummy (Zig:23)
13 creatures vanquished.

Vanquished Creatures (others)
  A fire giant (Vaults:4)
  A ghoul (Zig:17)
  A draconian stormcaller (Zig:14)
  A deep elf death mage (Zig:12)
  A death knight (D:14)
  A spatial maelstrom (Abyss:3)
  A phantasmal warrior (Vaults:5)
  A yak (IceCv)
  A human (D:14)
  A spatial vortex (Abyss:3)
  3 wolves (IceCv)
  135 fire vortices
  56 fungi
  A lurking horror (Abyss:3)
  232 plants
  12 starspawn tentacles
  11 tentacles
  13 withered plants
473 creatures vanquished.

Grand Total: 4590 creatures vanquished

Notes
Turn   | Place    | Note
-------+----------+-------------------------------------------
     0 | D:1      | Favre the Gargoyle Earth Elementalist began the quest for
                  | the Orb.
     0 | D:1      | Reached XP level 1. HP: 10/10 MP: 3/3
   287 | D:1      | Reached XP level 2. HP: 15/15 MP: 3/5
   999 | D:2      | Reached XP level 3. HP: 19/19 MP: 6/6
  1003 | D:2      | Learned a level 3 spell: Stone Arrow
  1267 | D:2      | Reached skill level 1 in Conjurations
  1326 | D:2      | Reached XP level 4. HP: 24/24 MP: 8/8
  1488 | D:2      | You fall into a shaft and drop 1 floor!
  1700 | D:3      | Found a broken altar of Ashenzari.
  2121 | D:3      | Found a blossoming altar of Fedhas.
  2123 | D:3      | Found an ancient bone altar of Kikubaaqudgha.
  2218 | D:3      | Noticed Robin
  2241 | D:3      | Killed Robin
  2242 | D:3      | Reached skill level 5 in Earth Magic
  2604 | D:4      | Noticed an ogre
  2611 | D:4      | Killed an ogre
  2612 | D:4      | Reached XP level 5. HP: 28/28 MP: 5/10
  2636 | D:4      | Reached XP level 6. HP: 26/32 MP: 3/11
  2962 | D:4      | Found a staircase to the Ecumenical Temple.
  2972 | Temple   | Entered the Ecumenical Temple
  3053 | Temple   | Became a worshipper of Vehumet
  3202 | D:4      | Found a blossoming altar of Fedhas.
  3418 | D:5      | Entered Level 5 of the Dungeon
  3527 | D:5      | Found a runed translucent gate.
  3527 | D:5      | Found a runed translucent gate.
  3527 | D:5      | Found a runed translucent gate.
  3528 | D:5      | Noticed Gargoyl's ghost (novice GnAK)
  3529 | D:5      | Noticed Froggeryz's ghost (weakling FoDe)
  3576 | D:5      | Reached XP level 7. HP: 36/36 MP: 5/13
  3643 | D:5      | Reached * piety under Vehumet
  3643 | D:5      | Offered knowledge of Shock by Vehumet.
  3824 | D:5      | Noticed Pikel
  3841 | D:5      | Killed Pikel
  3842 | D:5      | Reached skill level 5 in Spellcasting
  3842 | D:5      | Reached skill level 5 in Conjurations
  3842 | D:5      | Reached XP level 8. HP: 14/41 MP: 8/16
  4232 | D:5      | Found a sacrificial altar of Ru.
  4375 | D:5      | Found a stormy altar of Qazlal.
  4382 | D:5      | Found a glowing golden altar of the Shining One.
  4497 | D:5      | Noticed Blork the orc
  4536 | D:5      | Killed Blork the orc
  4647 | D:4      | Found Becw's Magic Scroll Emporium.
  4711 | D:4      | Bought a scroll of enchant weapon for 90 gold pieces
  4711 | D:4      | Bought a scroll of teleportation for 36 gold pieces
  4711 | D:4      | Bought a scroll of teleportation for 36 gold pieces
  4803 | D:5      | Noticed Sigmund
  4809 | D:5      | Killed Sigmund
  4818 | D:5      | Learned a level 5 spell: Lee's Rapid Deconstruction
  5133 | D:5      | Reached XP level 9. HP: 39/45 MP: 15/18
  5486 | D:6      | Found an iron altar of Okawaru.
  5486 | D:6      | Found an ornate altar of the Wu Jian Council.
  5785 | D:6      | Offered knowledge of Freeze by Vehumet.
  5925 | D:6      | Noticed Dowan
  5929 | D:6      | Found a broken altar of Ashenzari.
  5931 | D:6      | Noticed Duvessa
  5937 | D:6      | Killed Dowan
  5939 | D:6      | Reached ** piety under Vehumet
  6014 | D:6      | Killed Duvessa
  6288 | D:6      | Gained mutation: You have supernaturally acute eyesight.
                  | (SInv) [potion of mutation]
  6288 | D:6      | Gained mutation: You are partially covered in large bone
                  | plates. (SH +4) [potion of mutation]
  6759 | D:7      | Reached skill level 1 in Fighting
  6767 | D:7      | Noticed Eustachio
  6789 | D:7      | Reached skill level 1 in Maces & Flails
  6789 | D:7      | Reached skill level 1 in Armour
  6789 | D:7      | Killed Eustachio
  6790 | D:7      | Reached skill level 1 in Evocations
  7543 | D:7      | Found a white marble altar of Elyvilon.
  7797 | D:8      | Offered knowledge of Mephitic Cloud by Vehumet.
  7814 | D:8      | Learned a level 3 spell: Mephitic Cloud
  7972 | D:8      | Reached XP level 10. HP: 53/53 MP: 20/20
  8291 | D:8      | Found a bloodstained altar of Trog.
  8547 | D:8      | Reached *** piety under Vehumet
  9020 | D:9      | Found a staircase to the Lair.
  9020 | D:9      | Noticed an elephant
  9027 | D:9      | Reached skill level 10 in Earth Magic
  9027 | D:9      | Killed an elephant
  9273 | D:9      | Offered knowledge of Airstrike by Vehumet.
  9878 | D:9      | Found a staircase to the Orcish Mines.
 10027 | D:9      | Found a roughly hewn altar of Beogh.
 10030 | D:9      | Reached **** piety under Vehumet
 10185 | D:9      | Offered knowledge of Olgreb's Toxic Radiance by Vehumet.
 10282 | D:9      | Reached XP level 11. HP: 60/60 MP: 22/22
 10370 | D:10     | Entered Level 10 of the Dungeon
 10516 | D:10     | Found a runed translucent gate.
 10517 | D:10     | Found a runed translucent gate.
 10518 | D:10     | Found a runed translucent gate.
 10565 | D:10     | Noticed Perttuleena's ghost (journeyman DsCK)
 11548 | D:11     | Noticed Sonja
 11560 | D:11     | Killed Sonja
 11564 | D:11     | Noticed a two-headed ogre
 11571 | D:11     | Killed a two-headed ogre
 11572 | D:11     | Noticed a six-headed hydra
 12109 | D:11     | Killed a six-headed hydra
 12476 | D:11     | Noticed a purple ugly thing
 12481 | D:11     | Killed a purple ugly thing
 12482 | D:11     | Reached skill level 5 in Fighting
 12482 | D:11     | Reached skill level 5 in Armour
 12698 | D:11     | Noticed a cyclops
 12707 | D:11     | Killed a cyclops
 12905 | D:11     | Found Voenk's Weapon Shop.
 13008 | D:12     | Noticed a seven-headed hydra
 13019 | D:12     | Killed a seven-headed hydra
 13232 | D:12     | Reached ***** piety under Vehumet
 13237 | D:12     | Reached XP level 12. HP: 65/68 MP: 12/24
 13329 | D:12     | Reached skill level 5 in Maces & Flails
 13495 | D:12     | Noticed Fannar
 13533 | D:12     | Killed Fannar
 13639 | D:12     | Got a shimmering helmet
 13650 | D:12     | Identified the +2 helmet of Shadows and Fog {MR++} (You
                  | found it on level 12 of the Dungeon)
 13673 | D:12     | Found Ampeidgh's Magic Scroll Shop.
 13679 | D:12     | Bought a scroll of magic mapping for 56 gold pieces
 13679 | D:12     | Bought a scroll of teleportation for 48 gold pieces
 13679 | D:12     | Bought a scroll of identify for 32 gold pieces
 13679 | D:12     | Bought a scroll of blinking for 120 gold pieces
 13679 | D:12     | Bought a scroll of identify for 32 gold pieces
 13679 | D:12     | Bought a scroll of magic mapping for 56 gold pieces
 13679 | D:12     | Bought a scroll of immolation for 56 gold pieces
 13711 | D:12     | Offered knowledge of Conjure Ball Lightning by Vehumet.
 13790 | D:12     | Noticed Jorgrun
 13824 | D:12     | Killed Jorgrun
 13825 | D:12     | Reached skill level 5 in Dodging
 14325 | D:13     | Reached skill level 5 in Evocations
 14371 | D:13     | Found Funiskim's Magic Scroll Shoppe.
 14373 | D:13     | Noticed a centaur warrior
 14384 | D:12     | Killed a centaur warrior
 14573 | D:13     | Noticed a boulder beetle
 14637 | D:12     | Killed a boulder beetle
 14749 | D:13     | Reached skill level 10 in Conjurations
 15622 | D:13     | Bought a scroll of identify for 30 gold pieces
 15784 | D:13     | Found a shimmering blue altar of Sif Muna.
 15787 | D:13     | Noticed a two-headed ogre
 15793 | D:13     | Killed a two-headed ogre
 15984 | D:13     | Reached XP level 13. HP: 65/76 MP: 26/26
 16632 | D:14     | Identified the cursed +1 great mace "Wes Tapt" {vamp,
                  | rElec}
 16762 | D:14     | Noticed a vault guard
 16786 | D:14     | Killed a vault guard
 16877 | D:14     | Noticed a vault guard
 16897 | D:14     | Killed a vault guard
 17383 | D:14     | Noticed a vault guard
 17551 | D:14     | Killed a vault guard
 18836 | D:14     | Offered knowledge of Orb of Destruction by Vehumet.
 18845 | D:14     | Learned a level 7 spell: Orb of Destruction
 19008 | D:14     | Found a gate to the Vaults.
 19309 | D:14     | Found a gate to the Vaults.
 19891 | Lair:1   | Entered Level 1 of the Lair of Beasts
 19891 | Lair:1   | Found an opulent altar of Gozag.
 19935 | Lair:1   | Gained mutation: Your large and strong wings let you fly
                  | indefinitely. [Gargoyle growth]
 19935 | Lair:1   | Reached XP level 14. HP: 78/84 MP: 16/27
 19938 | Lair:1   | Reached skill level 10 in Spellcasting
 20226 | Lair:1   | Found a runed translucent door.
 20227 | Lair:1   | Found a shimmering altar of Xom.
 20227 | Lair:1   | Noticed RaHiT's ghost (journeyman OpDe)
 20534 | Lair:2   | Got a shimmering short sword
 20535 | Lair:2   | Identified the +2 short sword "Impslayer" {venom, +Inv MR-
                  | Str+3 Int+3} (You found it on level 2 of the Lair of
                  | Beasts)
 21214 | Lair:2   | Found a staircase to the Shoals.
 21805 | Lair:2   | Identified the Tome of the First Knives
 22898 | Lair:3   | Found a runed translucent door.
 22898 | Lair:3   | Noticed Thargor's ghost (journeyman KoMo)
 22919 | Lair:3   | Found a frozen archway.
 22941 | IceCv    | Entered an ice cave
 23967 | IceCv    | Noticed a frost giant
 23978 | IceCv    | Killed a frost giant
 24602 | Lair:3   | Offered knowledge of Iron Shot by Vehumet.
 24797 | Lair:3   | Learned a level 6 spell: Iron Shot
 24805 | Lair:3   | Found a staircase to the Snake Pit.
 25194 | Lair:4   | Found a dark tunnel.
 25201 | Volcano  | Entered a volcano
 25252 | Volcano  | Found a burning altar of Makhleb.
 25265 | Volcano  | Reached XP level 15. HP: 57/92 MP: 2/29
 26292 | Lair:4   | Learned a level 6 spell: Starburst
 26369 | Lair:4   | Reached skill level 1 in Air Magic
 27600 | Lair:5   | Reached skill level 1 in Fire Magic
 28234 | Lair:5   | Found a staircase to the Slime Pits.
 28730 | Lair:6   | Entered Level 6 of the Lair of Beasts
 28859 | Lair:6   | Reached skill level 5 in Fire Magic
 29986 | Lair:6   | Reached XP level 16. HP: 97/97 MP: 4/30
 30265 | Lair:6   | Reached skill level 10 in Fire Magic
 31178 | Orc:1    | Entered Level 1 of the Orcish Mines
 31188 | Orc:1    | Offered knowledge of Ozocubu's Refrigeration by Vehumet.
 31192 | Orc:1    | Found a roughly hewn altar of Beogh.
 31199 | Orc:1    | Noticed Harold
 31213 | Orc:1    | Killed Harold
 31558 | Orc:1    | Found a burning altar of Makhleb.
 31933 | Orc:2    | Entered Level 2 of the Orcish Mines
 31937 | Orc:2    | Found a staircase to the Elven Halls.
 32324 | D:10     | Killed Perttuleena's ghost
 32724 | Orc:2    | Offered knowledge of Spellforged Servitor by Vehumet.
 32768 | Orc:2    | Reached ****** piety under Vehumet
 33469 | Orc:2    | Found Camom's General Store.
 33470 | Orc:2    | Found Zobresh's Book Shop.
 33472 | Orc:2    | Found Lien's Antique Armour Shop.
 33472 | Orc:2    | Found Zoch's Antique Weapon Boutique.
 33800 | Orc:2    | Bought a potion of curing for 42 gold pieces
 33800 | Orc:2    | Bought a potion of curing for 42 gold pieces
 33800 | Orc:2    | Bought a scroll of identify for 28 gold pieces
 33946 | D:15     | Entered Level 15 of the Dungeon
 34176 | D:15     | Offered knowledge of Bolt of Magma by Vehumet.
 34651 | D:15     | Found Cadaezia's Weapon Emporium.
 34967 | D:15     | Found a staircase to the Depths.
 35593 | Snake:1  | Entered Level 1 of the Snake Pit
 35603 | Snake:1  | Learned a level 8 spell: Ignition
 36144 | Snake:1  | Reached XP level 17. HP: 101/101 MP: 31/31
 37138 | Snake:2  | Noticed Aizul
 37299 | Snake:2  | Reached skill level 15 in Fire Magic
 38421 | Snake:2  | Killed Aizul
 38709 | Snake:2  | Noticed Saint Roka
 38735 | Snake:2  | HP: 3/101 [Saint Roka/divine providence (17)]
 38736 | Snake:2  | Killed Saint Roka
 39453 | Snake:3  | Offered knowledge of Lehudib's Crystal Spear by Vehumet.
 40632 | Snake:3  | Found Neabauco's Assorted Antiques.
 40640 | Snake:3  | Bought a scroll of identify for 56 gold pieces
 40640 | Snake:3  | Bought a scroll of teleportation for 84 gold pieces
 40640 | Snake:3  | Bought a scroll of identify for 56 gold pieces
 40656 | Snake:3  | Bought a glowing morningstar for 196 gold pieces
 40938 | Snake:3  | Reached skill level 10 in Fighting
 41056 | Snake:3  | Noticed Vashnia
 41081 | Snake:3  | Killed Vashnia
 41179 | Snake:3  | Found Unadunn's Gadget Emporium.
 41489 | Snake:3  | Reached XP level 18. HP: 86/107 MP: 26/33
 42387 | Snake:4  | Entered Level 4 of the Snake Pit
 42571 | Shoals:1 | Entered Level 1 of the Shoals
 42831 | Shoals:1 | Found Uluhohus's General Store.
 42848 | Shoals:1 | Bought a throwing net for 42 gold pieces
 42848 | Shoals:1 | Bought a scroll of identify for 28 gold pieces
 45001 | Shoals:2 | Identified the +4 glaive of Theory {spect, Int+3}
 45002 | Shoals:2 | Identified the +4 glaive of Theory {spect, Int+3}
 45005 | Shoals:2 | Noticed Ilsuiw
 45366 | Shoals:2 | Found a blossoming altar of Fedhas.
 45377 | Shoals:2 | Reached XP level 19. HP: 113/113 MP: 33/35
 45390 | Shoals:2 | Killed Ilsuiw
 46380 | Shoals:3 | Found Yrats's Assorted Antiques.
 46389 | Shoals:3 | Bought a scroll of identify for 68 gold pieces
 46389 | Shoals:3 | Bought a potion of heal wounds for 170 gold pieces
 46389 | Shoals:3 | Bought a scroll of identify for 68 gold pieces
 46477 | Shoals:3 | Reached skill level 10 in Maces & Flails
 47181 | Shoals:3 | Offered knowledge of Fire Storm by Vehumet.
 47181 | Shoals:3 | Offered knowledge of Shatter by Vehumet.
 47181 | Shoals:3 | Offered knowledge of Chain Lightning by Vehumet.
 47607 | Shoals:4 | Entered Level 4 of the Shoals
 48313 | Shoals:4 | Reached XP level 20. HP: 88/120 MP: 17/36
 48386 | Shoals:4 | Got a barnacled rune of Zot
 49701 | Shoals:4 | Identified the cursed +2 long sword "Tobrocyohi" {drain,
                  | rC+ MP+9 Int+2}
 49725 | Shoals:4 | Found a transporter.
 49729 | Shoals:4 | Found a transporter.
 49730 | Shoals:4 | Noticed Queen's ghost (adept GrBe)
 50444 | Shoals:4 | Identified the +3 quick blade of Cutiw {elec, *Corrode
                  | Str+5 Dex+7}
 50544 | Shoals:4 | Reached skill level 15 in Earth Magic
 50771 | Shoals:4 | Got a scintillating bone ring
 50838 | Shoals:3 | Identified the ring "Beiblony" {*Tele rPois Slay-6 SInv
                  | Stlth-} (You found it on level 4 of the Shoals)
 51001 | Snake:4  | Identified Roxanne's Incunabulum of Transmutation
 51001 | Snake:4  | Noticed Roxanne
 51006 | Snake:4  | Killed Roxanne
 52937 | Snake:4  | Got a serpentine rune of Zot
 53364 | Snake:4  | Reached XP level 21. HP: 125/127 MP: 17/37
 54121 | Elf:1    | Entered Level 1 of the Elven Halls
 54156 | Elf:1    | Found a radiant altar of Vehumet.
 54495 | D:4      | Bought a scroll of enchant weapon for 90 gold pieces
 54495 | D:4      | Bought 3 scrolls of enchant armour for 270 gold pieces
 54495 | D:4      | Bought a scroll of blinking for 90 gold pieces
 54495 | D:4      | Bought a scroll of enchant armour for 90 gold pieces
 54495 | D:4      | Bought a scroll of identify for 24 gold pieces
 54495 | D:4      | Bought a scroll of teleportation for 36 gold pieces
 54696 | Elf:1    | Found Fiasm's Gadget Shop.
 54697 | Elf:1    | Found Tothrac's Jewellery Shoppe.
 54698 | Elf:1    | Found Eblog's Gadget Shop.
 54705 | Elf:1    | Bought the ring of Mibyisus {rF+ rCorr Int+4} for 636 gold
                  | pieces
 55013 | Elf:1    | Found Qeaggepryare's General Store.
 55070 | Elf:1    | Bought a scroll of identify for 24 gold pieces
 57136 | Elf:2    | Found a runed translucent gate.
 57136 | Elf:2    | Found a runed translucent gate.
 57137 | Elf:2    | Found a runed translucent gate.
 57295 | Elf:2    | Found a runed translucent gate.
 57299 | Elf:2    | Found a runed translucent gate.
 57299 | Elf:2    | Found a runed translucent gate.
 57299 | Elf:2    | Identified the +1 ring mail of Nemelex Xobeh's Grace
                  | {Rampage rPois Regen+ Str-4}
 57300 | Elf:2    | Noticed Flure's ghost (adept DgIE)
 57301 | Elf:2    | Found an iron altar of Okawaru.
 57661 | Elf:3    | Entered Level 3 of the Elven Halls
 57752 | Elf:3    | Found Usyty's Magic Scroll Shop.
 57798 | Elf:3    | Found a magical portal.
 57803 | WizLab   | Entered Wucad Mu's Monastery
 57896 | WizLab   | Found the +9 staff of Wucad Mu {channel}
 58066 | WizLab   | Reached XP level 22. HP: 133/133 MP: 38/40
 58262 | Elf:3    | Reached skill level 10 in Dodging
 58321 | Elf:3    | Found Ceoreqy's Armour Emporium.
 58488 | Elf:3    | Bought a scroll of identify for 36 gold pieces
 58488 | Elf:3    | Bought a scroll of identify for 36 gold pieces
 58488 | Elf:3    | Bought a scroll of identify for 36 gold pieces
 58518 | Elf:3    | Found Iroll's Antique Armour Shoppe.
 59445 | Elf:3    | Identified the +4 lajatang of Impatience {freeze, rF+ SInv}
 59482 | Elf:3    | Identified the +8 short sword "Hytulep" {distort, Int+4}
 59485 | Elf:3    | Reached XP level 23. HP: 129/139 MP: 41/41
 59591 | Elf:3    | Got a flickering pewter ring
 59592 | Elf:3    | Identified the ring "Fivack" {rCorr Int+4} (You found it on
                  | level 3 of the Elven Halls)
 59639 | Elf:3    | Identified Sif Muna's Tome of Flying Envenoming
 59672 | Elf:3    | Got a smoking rapier
 59673 | Elf:3    | Identified the +3 rapier "Enoh" {vorpal, rF+ Str+2} (You
                  | found it on level 3 of the Elven Halls)
 59762 | Elf:3    | Bought a scorched leather armour for 175 gold pieces
 59762 | Elf:3    | Bought a faintly humming leather armour for 175 gold pieces
 59765 | Elf:3    | Identified the +4 leather armour "Feufis" {rF+ MR- rCorr
                  | Str+2} (You bought it in a shop on level 3 of the Elven
                  | Halls)
 59766 | Elf:3    | Identified the +1 leather armour of Etob {*Drain rPois
                  | Str+3} (You bought it in a shop on level 3 of the Elven
                  | Halls)
 59966 | Vaults:1 | Entered Level 1 of the Vaults
 60346 | Vaults:1 | Reached skill level 15 in Spellcasting
 62166 | Vaults:2 | Learned a level 2 spell: Blink
 62460 | Vaults:2 | Reached skill level 10 in Evocations
 64444 | Vaults:2 | Reached skill level 15 in Conjurations
 64680 | Vaults:2 | Upgraded the game from 0.26-a0-854-gdc81c2f471 to
                  | 0.26-a0-859-gf57989e088
 64970 | Vaults:3 | Reached XP level 24. HP: 147/147 MP: 24/42
 65934 | Vaults:3 | Found a staircase to the Crypt.
 66272 | Vaults:3 | Found Uco Qum's Weapon Shop.
 66808 | Vaults:4 | Identified the +1 leather armour "Loduecis" {Dex+4} (You
                  | found it on level 4 of the Vaults)
 67454 | Vaults:4 | Noticed Xtahua
 67473 | Vaults:4 | Killed Xtahua
 68469 | Vaults:4 | Noticed Frederick
 68477 | Vaults:4 | Killed Frederick
 68698 | Vaults:5 | Entered Level 5 of the Vaults
 68722 | Vaults:4 | Learned a level 9 spell: Shatter
 69280 | Crypt:1  | Entered Level 1 of the Crypt
 69445 | Crypt:1  | Noticed Donald
 69452 | Crypt:1  | Killed Donald
 69629 | Crypt:1  | Reached XP level 25. HP: 140/153 MP: 21/43
 71547 | Crypt:2  | Identified the +1 leather armour of the Ant {Dex+2} (You
                  | found it on level 2 of the Crypt)
 71968 | Crypt:3  | Entered Level 3 of the Crypt
 72458 | Crypt:3  | Reached skill level 15 in Fighting
 72961 | Crypt:3  | Noticed an ancient lich
 72961 | Crypt:3  | Noticed an ancient lich
 72978 | Crypt:3  | Killed an ancient lich
 72979 | Crypt:3  | Killed an ancient lich
 72980 | Crypt:3  | Reached XP level 26. HP: 161/161 MP: 12/44
 72982 | Crypt:3  | Identified the Catalogue of Evil
 72987 | Crypt:3  | Identified the Almanac of Bewitchment
 73042 | Crypt:3  | Found a staircase to the Tomb.
 73686 | Vaults:5 | Noticed an ancient lich
 73689 | Vaults:5 | Killed an ancient lich
 73705 | Vaults:4 | Gained mutation: Your body sometimes deteriorates upon
                  | taking damage. [a shining eye]
 74095 | Vaults:5 | Found Hirelis's Magic Scroll Shop.
 75097 | Vaults:5 | Found Ushub's Antique Armour Boutique.
 75104 | Vaults:5 | Reached XP level 27. HP: 100/168 MP: 22/44
 75109 | Vaults:5 | Found Ecwak's Antique Weapon Boutique.
 75112 | Vaults:5 | Found Kiomu's Antique Weapon Emporium.
 75296 | Vaults:5 | Bought a scroll of teleportation for 63 gold pieces
 75296 | Vaults:5 | Bought a scroll of identify for 42 gold pieces
 75296 | Vaults:5 | Bought a scroll of identify for 42 gold pieces
 75296 | Vaults:5 | Bought a scroll of magic mapping for 73 gold pieces
 75296 | Vaults:5 | Bought a scroll of identify for 42 gold pieces
 75479 | Vaults:5 | Found Xigubb's Weapon Shop.
 75531 | Vaults:5 | Found Avet's Jewellery Shoppe.
 75542 | Vaults:5 | Got a silver rune of Zot
 75547 | Vaults:5 | Noticed an ancient lich
 75551 | Vaults:5 | Killed an ancient lich
 75934 | Vaults:5 | Found Ronk's Magic Scroll Shoppe.
 75938 | Vaults:5 | Bought a scroll of teleportation for 48 gold pieces
 75938 | Vaults:5 | Bought a scroll of identify for 32 gold pieces
 75938 | Vaults:5 | Bought a scroll of teleportation for 48 gold pieces
 75938 | Vaults:5 | Bought a scroll of blinking for 120 gold pieces
 75938 | Vaults:5 | Bought a scroll of teleportation for 48 gold pieces
 75938 | Vaults:5 | Bought a scroll of teleportation for 48 gold pieces
 76001 | Vaults:5 | Found Zatrys's Magic Scroll Emporium.
 76005 | Vaults:5 | Bought a scroll of identify for 24 gold pieces
 76005 | Vaults:5 | Bought a scroll of identify for 24 gold pieces
 76005 | Vaults:5 | Bought a scroll of holy word for 90 gold pieces
 76005 | Vaults:5 | Bought a scroll of magic mapping for 42 gold pieces
 76343 | Depths:1 | Entered Level 1 of the Depths
 76424 | Depths:1 | Learned a level 9 spell: Fire Storm
 76831 | Depths:1 | Found a gateway to Hell.
 77013 | Depths:1 | Reached skill level 15 in Maces & Flails
 78668 | Depths:2 | Found a one-way gate to the infinite horrors of the Abyss.
 78753 | Depths:2 | Found a one-way gate leading to the halls of Pandemonium.
 79441 | Depths:3 | You are sucked into a shaft and drop 2 floors!
 79441 | Depths:5 | Entered Level 5 of the Depths
 79542 | Depths:5 | Found a flickering gateway to a bazaar.
 79562 | Bazaar   | Entered a bazaar
 79716 | Bazaar   | Found Duxifof's Jewellery Emporium.
 79716 | Bazaar   | Found Roesug's Antique Armour Shoppe.
 79737 | Bazaar   | Found Nuklynar's General Store.
 79737 | Bazaar   | Found Wotuer's Antique Weapon Shoppe.
 79747 | Bazaar   | Bought a potion of heal wounds for 30 gold pieces
 79758 | Bazaar   | Found Pack's Magic Scroll Shoppe.
 79775 | Bazaar   | Found Weatey's Assorted Antiques.
 79775 | Bazaar   | Found Ehuujea's Assorted Antiques.
 79846 | Bazaar   | Bought a scroll of acquirement for 364 gold pieces
 79849 | Bazaar   | Acquired 911 gold pieces
 79864 | Bazaar   | Bought a scroll of enchant weapon for 52 gold pieces
 79864 | Bazaar   | Bought a scroll of identify for 14 gold pieces
 79864 | Bazaar   | Bought a scroll of magic mapping for 24 gold pieces
 79864 | Bazaar   | Bought a scroll of teleportation for 21 gold pieces
 79864 | Bazaar   | Bought a scroll of teleportation for 21 gold pieces
 79864 | Bazaar   | Bought a scroll of fog for 14 gold pieces
 79864 | Bazaar   | Bought a scroll of fog for 14 gold pieces
 79884 | Bazaar   | Bought a potion of curing for 81 gold pieces
 79884 | Bazaar   | Bought a scroll of teleportation for 81 gold pieces
 79884 | Bazaar   | Bought a ruby ring for 135 gold pieces
 79894 | Bazaar   | Bought a potion of cancellation for 120 gold pieces
 79894 | Bazaar   | Bought a scroll of identify for 30 gold pieces
 79894 | Bazaar   | Bought a potion of heal wounds for 75 gold pieces
 79894 | Bazaar   | Bought a potion of ambrosia for 120 gold pieces
 79894 | Bazaar   | Bought a scroll of identify for 30 gold pieces
 79919 | Depths:5 | Noticed a juggernaut
 79932 | Depths:5 | Killed a juggernaut
 80262 | Depths:5 | Noticed a juggernaut
 80266 | Depths:5 | Killed a juggernaut
 80497 | Depths:5 | Got a glittering crystal amulet
 80498 | Depths:5 | Identified the amulet "Itowihun" {Spirit +Fly Dex+2} (You
                  | found it on level 5 of the Depths)
 80521 | Depths:5 | Found the cursed necklace of Bloodlust {*Rage +Rage MR++
                  | Int-3 Slay+6 *Curse}
 80593 | Depths:5 | Found a gate to the Realm of Zot.
 80914 | Depths:5 | Found a gateway to a ziggurat.
 82336 | Depths:4 | Lost mutation: You have supernaturally acute eyesight.
                  | (SInv) [a neqoxec]
 82615 | Depths:4 | Found a runed translucent door.
 83456 | Depths:3 | Identified the +8 long sword of Valuable Assets {flame,
                  | rN++ Dex+7}
 84197 | Depths:2 | Upgraded the game from 0.26-a0-859-gf57989e088 to
                  | 0.26-a0-926-g43279f1ce9
 84474 | Slime:1  | Entered Level 1 of the Pits of Slime
 84617 | Slime:1  | Gained mutation: You are dopey. (Int -2) [a shining eye]
 84620 | Slime:1  | Gained mutation: Your body often deteriorates upon taking
                  | damage. [a shining eye]
 84819 | Slime:3  | Noticed Dissolution
 84826 | Slime:3  | Killed Dissolution
 84964 | Slime:5  | Entered Level 5 of the Pits of Slime
 85461 | Slime:5  | Found a viscous altar of Jiyva.
 85497 | Slime:5  | Noticed the Royal Jelly
 85504 | Slime:5  | Killed the Royal Jelly
 85593 | Slime:5  | Got a slimy platinum amulet
 85596 | Slime:5  | Identified the amulet of Xom's Ringing Laughter {Acrobat
                  | *Drain MP+9 SInv} (You found it on level 5 of the Pits of
                  | Slime)
 85637 | Slime:5  | Got a slimy rune of Zot
 85766 | Slime:5  | Identified Quczif's Handbook of the Burning Entourage
 85963 | D:9      | Lost mutation: Your body often deteriorates upon taking
                  | damage. [potion of mutation]
 85963 | D:9      | Lost mutation: You are dopey. (Int -2) [potion of mutation]
 85963 | D:9      | Lost mutation: Your body sometimes deteriorates upon taking
                  | damage. [potion of mutation]
 85963 | D:9      | Gained mutation: You possess an exceptional clarity of
                  | mind. [potion of mutation]
 85963 | D:9      | Gained mutation: You have sharp fingernails. [potion of
                  | mutation]
 86162 | Depths:2 | Voluntarily entered the Abyss.
 87461 | Abyss:3  | Paralysed by accursed screaming for 1 turns
 87480 | Abyss:3  | Reached skill level 15 in Dodging
 87544 | Abyss:4  | Found a corrupted altar of Lugonu.
 87786 | Abyss:4  | Got an abyssal rune of Zot
 87881 | Abyss:4  | Noticed an ancient lich
 87888 | Abyss:4  | Killed an ancient lich
 87891 | Depths:2 | Escaped the Abyss
 88266 | Zig:1    | Entered Level 1 of a ziggurat
 88295 | Zig:2    | Entered Level 2 of a ziggurat
 88326 | Zig:2    | Identified a +0 pair of boots of running (You found it on
                  | level 2 of a ziggurat)
 88328 | Zig:3    | Entered Level 3 of a ziggurat
 88380 | Zig:4    | Entered Level 4 of a ziggurat
 88429 | Zig:5    | Entered Level 5 of a ziggurat
 88550 | Zig:6    | Entered Level 6 of a ziggurat
 88650 | Zig:7    | Entered Level 7 of a ziggurat
 88812 | Zig:7    | Identified the Reference Book on Ensnaring Transmigration
 88828 | Zig:8    | Entered Level 8 of a ziggurat
 88838 | Zig:8    | Noticed Vimoduipt the pandemonium lord
 88839 | Zig:8    | Killed Vimoduipt the pandemonium lord
 88971 | Zig:8    | Identified Koas's Guide on Dusty Calling
 89002 | Zig:8    | Identified Sif Muna's Tome of the Glacier and Creation
 89005 | Zig:8    | Got a translucent crystal amulet
 89006 | Zig:8    | Identified the amulet of the Rose {Reflect rN+ Str+3 Int-4
                  | Slay+2 SH+5} (You found it on level 8 of a ziggurat)
 89014 | Zig:9    | Entered Level 9 of a ziggurat
 89060 | Zig:9    | Identified the Reference Book on Transmigration
 89066 | Zig:10   | Entered Level 10 of a ziggurat
 89097 | Zig:10   | Identified the Collected Works on Transformation and Curses
 89167 | Zig:11   | Entered Level 11 of a ziggurat
 89180 | Zig:11   | Found the +7 great mace "Undeadhunter" {disrupt, rN+}
 89181 | Zig:11   | Found the ring of Shadows {Umbra +Inv Stlth+}
 89204 | Zig:11   | Got an ancient pewter ring
 89205 | Zig:11   | Identified the ring of Eraunnor {MR+ Int+3 Dex+6} (You
                  | found it on level 11 of a ziggurat)
 89215 | Zig:12   | Entered Level 12 of a ziggurat
 89226 | Zig:12   | Noticed a juggernaut
 89229 | Zig:12   | Killed a juggernaut
 89229 | Zig:12   | Noticed a juggernaut
 89232 | Zig:12   | Killed a juggernaut
 89250 | Zig:12   | Identified the +1 robe "Doohal" {rF++ Str+3} (You found it
                  | on level 12 of a ziggurat)
 89269 | Zig:12   | Identified the Papyrus of Fiery Attacks
 89276 | Zig:13   | Entered Level 13 of a ziggurat
 89283 | Zig:13   | Noticed a juggernaut
 89287 | Zig:13   | Killed a juggernaut
 89290 | Zig:13   | Noticed a juggernaut
 89294 | Zig:13   | Killed a juggernaut
 89300 | Zig:13   | Found the amulet of the Four Winds {rN+ MR+++ Clar}
 89332 | Zig:13   | Identified the +0 hat "Murelick" {rF++ SInv Stlth-} (You
                  | found it on level 13 of a ziggurat)
 89338 | Zig:13   | Got a heavily runed marble ring
 89339 | Zig:13   | Identified the ring of Xom's Passing Interest {Int-5 Dex+6
                  | SInv Stlth+} (You found it on level 13 of a ziggurat)
 89343 | Zig:13   | Got a coiled turquoise ring
 89344 | Zig:13   | Identified the ring "Qycvydur" {+Fly rF- rC+ Dex+4} (You
                  | found it on level 13 of a ziggurat)
 89351 | Zig:13   | Acquired 793 gold pieces
 89355 | Zig:13   | Acquired the ring of Tisish {+Blink MR++ AC+4 Int+7}
 89364 | Zig:14   | Entered Level 14 of a ziggurat
 89429 | Zig:15   | Entered Level 15 of a ziggurat
 89616 | Zig:15   | Got a flickering lead ring
 89617 | Zig:15   | Identified the ring of Bukasam {SInv Stlth+} (You found it
                  | on level 15 of a ziggurat)
 89636 | Zig:16   | Entered Level 16 of a ziggurat
 89749 | Zig:16   | Identified the +1 robe "Kemoumec" {rElec} (You found it on
                  | level 16 of a ziggurat)
 89776 | Zig:16   | Learned a level 8 spell: Necromutation
 89786 | Zig:16   | Learned a level 9 spell: Death's Door
 89791 | Zig:17   | Entered Level 17 of a ziggurat
 89801 | Zig:17   | Noticed an ancient lich
 89804 | Zig:17   | Reached skill level 5 in Transmutations
 89804 | Zig:17   | Noticed an ancient lich
 89805 | Zig:17   | Killed an ancient lich
 89806 | Zig:17   | Reached skill level 5 in Necromancy
 89807 | Zig:17   | Killed an ancient lich
 89827 | Zig:17   | Found the +8 whip "Snakebite" {curare, rPois}
 89829 | Zig:17   | Found the ring of Phasing {EV+8}
 89879 | Zig:17   | Identified Xyesoxor's Grimoire of Greatest Risks and
                  | Utility
 89900 | Zig:17   | Got a brightly glowing brass amulet
 89901 | Zig:17   | Identified the amulet of Spite {+Blink Regen+ Int+3} (You
                  | found it on level 17 of a ziggurat)
 89939 | Zig:17   | Identified the +7 quarterstaff "Teafudurowk" {speed, +Inv
                  | rF+} (You found it on level 17 of a ziggurat)
 89943 | Zig:18   | Entered Level 18 of a ziggurat
 89960 | Zig:18   | Noticed Veumig the pandemonium lord
 89961 | Zig:18   | Lost mutation: You possess an exceptional clarity of mind.
                  | [a cacodemon]
 89965 | Zig:18   | Killed Veumig the pandemonium lord
 90209 | Zig:19   | Entered Level 19 of a ziggurat
 90231 | Zig:19   | Reached skill level 10 in Necromancy
 90231 | Zig:19   | Reached skill level 10 in Transmutations
 90294 | Zig:20   | Entered Level 20 of a ziggurat
 90314 | Zig:20   | Noticed an ancient lich
 90317 | Zig:20   | Killed an ancient lich
 90338 | Zig:20   | Identified the Reference Book on Burning Air
 90344 | Zig:20   | Got an ancient emerald amulet
 90345 | Zig:20   | Identified the amulet "Voasm" {Acrobat rPois Dex+2} (You
                  | found it on level 20 of a ziggurat)
 90362 | Zig:21   | Entered Level 21 of a ziggurat
 90386 | Zig:21   | Reached skill level 15 in Necromancy
 90402 | Zig:21   | Found the +3 Elemental Staff {rElec rF++ rC++ MR++ AC+5}
 90414 | Zig:21   | Got a glittering jade amulet
 90415 | Zig:21   | Identified the amulet "Myshoxum" {Acrobat rElec rPois rC-
                  | Str+7} (You found it on level 21 of a ziggurat)
 90572 | Zig:22   | Entered Level 22 of a ziggurat
 90586 | Zig:22   | Noticed Raduylie the pandemonium lord
 90587 | Zig:22   | Noticed Qanuam the pandemonium lord
 90592 | Zig:22   | Noticed Engamas the pandemonium lord
 90592 | Zig:22   | Noticed Astriwk the pandemonium lord
 90592 | Zig:22   | Noticed Uppom the pandemonium lord
 90592 | Zig:22   | Noticed Iroupried the pandemonium lord
 90592 | Zig:22   | Noticed Jathul the pandemonium lord
 90592 | Zig:22   | Noticed Gobijam the pandemonium lord
 90594 | Zig:22   | Reached skill level 1 in Staves
 90594 | Zig:22   | Killed Raduylie the pandemonium lord
 90594 | Zig:22   | Killed Qanuam the pandemonium lord
 90595 | Zig:22   | Noticed Ynoclai the pandemonium lord
 90595 | Zig:22   | Killed Gobijam the pandemonium lord
 90596 | Zig:22   | Killed Jathul the pandemonium lord
 90603 | Zig:22   | Killed Astriwk the pandemonium lord
 90605 | Zig:22   | Killed Iroupried the pandemonium lord
 90606 | Zig:22   | Reached skill level 5 in Staves
 90607 | Zig:22   | Killed Engamas the pandemonium lord
 90609 | Zig:22   | Killed Uppom the pandemonium lord
 90619 | Zig:22   | Killed Ynoclai the pandemonium lord
 91222 | Zig:23   | Entered Level 23 of a ziggurat
 91238 | Zig:23   | Noticed a royal mummy
 91238 | Zig:23   | Noticed a royal mummy
 91239 | Zig:23   | Noticed a royal mummy
 91241 | Zig:23   | Killed a royal mummy
 91241 | Zig:23   | Killed a royal mummy
 91241 | Zig:23   | Noticed a royal mummy
 91242 | Zig:23   | Killed a royal mummy
 91243 | Zig:23   | Noticed a royal mummy
 91244 | Zig:23   | Killed a royal mummy
 91244 | Zig:23   | Noticed a royal mummy
 91244 | Zig:23   | Noticed a royal mummy
 91248 | Zig:23   | Noticed a royal mummy
 91248 | Zig:23   | Noticed a royal mummy
 91249 | Zig:23   | Noticed a royal mummy
 91249 | Zig:23   | Noticed a royal mummy
 91249 | Zig:23   | Noticed a royal mummy
 91250 | Zig:23   | Killed a royal mummy
 91250 | Zig:23   | Killed a royal mummy
 91250 | Zig:23   | Killed a royal mummy
 91250 | Zig:23   | Killed a royal mummy
 91251 | Zig:23   | Killed a royal mummy
 91251 | Zig:23   | Killed a royal mummy
 91251 | Zig:23   | Killed a royal mummy
 91255 | Zig:23   | Killed a royal mummy
 91577 | Zig:23   | Identified the ring "Ehauq" {Ice +Fly rElec Str-4 Int+3}
                  | (You found it on level 23 of a ziggurat)
 91602 | Zig:23   | Got a pitted tin ring
 91603 | Zig:23   | Identified the ring of Vyatawk {*Corrode rN+++ MP+9} (You
                  | found it on level 23 of a ziggurat)
 91612 | Zig:24   | Entered Level 24 of a ziggurat
 91764 | Zig:24   | Found the +7 great mace "Firestarter" {inner flame, rF++}
 91774 | Zig:24   | Identified Lom Lobon's Disquisition on Translocation
 91808 | Zig:24   | Got a translucent jade ring
 91811 | Zig:24   | Identified the ring of Ehegokhu {MR+ Stlth+} (You found it
                  | on level 24 of a ziggurat)
 91817 | Zig:25   | Entered Level 25 of a ziggurat
 91903 | Zig:25   | Identified the cursed +1 robe "Uhoul" {rN+ Regen+ Int-2}
                  | (You found it on level 25 of a ziggurat)
 91910 | Zig:25   | Got a warped golden ring
 91911 | Zig:25   | Identified the ring "Weawyda" {rC+ Slay+3} (You found it on
                  | level 25 of a ziggurat)
 91914 | Zig:25   | Identified the Incunabulum of Earth and Feathers
 91940 | Zig:26   | Entered Level 26 of a ziggurat
 91995 | Zig:26   | Found the +7 Kryia's mail coat {PotionHeal*2 rC+}
 92007 | Zig:26   | Got a smoking ivory ring
 92008 | Zig:26   | Identified the ring "Velut" {rElec rC+ rN+ Stlth+} (You
                  | found it on level 26 of a ziggurat)
 92026 | Zig:26   | Identified the Handbook of Air and Envenoming
 92045 | Zig:26   | Got a bound platinum ring
 92046 | Zig:26   | Identified the cursed ring "Fiysharch" {Str+3 Dex-4} (You
                  | found it on level 26 of a ziggurat)
 92052 | Zig:27   | Entered Level 27 of a ziggurat
 92266 | Zig:27   | Found the +9 sword of Zonguldrok {reap}
 92290 | Zig:27   | Identified the Compendium of the Captivating Rocks
 92323 | Zig:27   | Identified the +5 demon whip of Mutilation {drain, Fragile
                  | rPois rF+} (You found it on level 27 of a ziggurat)
 92498 | Zig:1    | Entered Level 1 of a ziggurat
 92521 | Zig:1    | Acquired 1307 gold pieces
 92541 | Zig:2    | Entered Level 2 of a ziggurat
 92703 | Zig:3    | Entered Level 3 of a ziggurat
 92842 | Zig:4    | Entered Level 4 of a ziggurat
 92897 | Zig:5    | Entered Level 5 of a ziggurat
 92919 | Zig:5    | Identified the +0 buckler of the Sky {Str+3 Dex+4} (You
                  | found it on level 5 of a ziggurat)
 92935 | Zig:6    | Entered Level 6 of a ziggurat
 92943 | Zig:6    | Noticed Ciruc the pandemonium lord
 92945 | Zig:6    | Killed Ciruc the pandemonium lord
 92946 | Zig:6    | Reached skill level 27 in Fighting
 93092 | Zig:7    | Entered Level 7 of a ziggurat
 93140 | Zig:7    | Got a steaming ivory ring
 93141 | Zig:7    | Identified the ring "Sueleur" {Fire rElec} (You found it on
                  | level 7 of a ziggurat)
 93144 | Zig:7    | Identified Tanugh's Reference Book on Shape Shifting and
                  | Curses
 93151 | Zig:8    | Entered Level 8 of a ziggurat
 93229 | Zig:9    | Entered Level 9 of a ziggurat
 93308 | Zig:9    | Identified the Collected Works on the Torrid Traveller
 93338 | Zig:10   | Entered Level 10 of a ziggurat
 93351 | Zig:10   | Found the +8 demon blade "Leech" {vamp, *Rage +Rage rN+}
 93500 | Zig:10   | Identified the +2 pair of gloves of the Slug {Harm} (You
                  | found it on level 10 of a ziggurat)
 93515 | Zig:11   | Entered Level 11 of a ziggurat
 93526 | Zig:11   | Noticed Hieneppe the pandemonium lord
 93527 | Zig:11   | Gained mutation: [Scrolls take you a little longer to
                  | read.] [a cacodemon]
 93528 | Zig:11   | Reached skill level 27 in Spellcasting
 93529 | Zig:11   | Killed Hieneppe the pandemonium lord
 93529 | Zig:11   | Gained mutation: Armour fits poorly on your strangely
                  | shaped body. [a cacodemon]
 93701 | Zig:11   | Identified Nougocau's Disquisition on Icy Conjuration
 93715 | Zig:12   | Entered Level 12 of a ziggurat
 93727 | Zig:12   | Reached skill level 10 in Stealth
 93765 | Zig:12   | Identified the Tome of Toxins and the Rocks
 93779 | Zig:12   | Got an ancient golden ring
 93782 | Zig:12   | Identified the ring of Mutualism {+Fly rElec rC+ MP+9 Dex-4
                  | SInv} (You found it on level 12 of a ziggurat)
 93797 | Zig:13   | Entered Level 13 of a ziggurat
 93891 | Zig:13   | Identified the Reference Book on Transmutation and
                  | Contamination
 93900 | Zig:13   | Identified the +5 leather armour of Decompression {Dex+4}
                  | (You found it on level 13 of a ziggurat)
 93908 | Zig:13   | Got a twitching turquoise ring
 93914 | Zig:13   | Identified the ring of Vufasoniy {Wiz Str+2} (You found it
                  | on level 13 of a ziggurat)
 93916 | Zig:13   | Got a glittering turquoise ring
 93919 | Zig:13   | Identified the ring "Teitug" {rN+ MR- Dex+4 Stlth+} (You
                  | found it on level 13 of a ziggurat)
 93930 | Zig:14   | Entered Level 14 of a ziggurat
 93945 | Zig:14   | Reached skill level 15 in Stealth
 93972 | Zig:14   | Identified the cursed +0 leather armour of the Albatross
                  | {Regen+} (You found it on level 14 of a ziggurat)
 94012 | Zig:15   | Entered Level 15 of a ziggurat
 94016 | Zig:15   | Noticed a juggernaut
 94017 | Zig:15   | Noticed a juggernaut
 94018 | Zig:15   | Noticed a juggernaut
 94019 | Zig:15   | Noticed a juggernaut
 94021 | Zig:15   | Killed a juggernaut
 94021 | Zig:15   | Killed a juggernaut
 94022 | Zig:15   | Noticed a juggernaut
 94022 | Zig:15   | Noticed a juggernaut
 94022 | Zig:15   | Killed a juggernaut
 94022 | Zig:15   | Killed a juggernaut
 94023 | Zig:15   | Noticed a juggernaut
 94024 | Zig:15   | Killed a juggernaut
 94025 | Zig:15   | Killed a juggernaut
 94025 | Zig:15   | Killed a juggernaut
 94158 | Zig:16   | Entered Level 16 of a ziggurat
 94165 | Zig:16   | Noticed an ancient lich
 94166 | Zig:16   | Noticed an ancient lich
 94167 | Zig:16   | Noticed an ancient lich
 94168 | Zig:16   | Noticed an ancient lich
 94170 | Zig:16   | Killed an ancient lich
 94170 | Zig:16   | Killed an ancient lich
 94170 | Zig:16   | Killed an ancient lich
 94170 | Zig:16   | Killed an ancient lich
 94335 | Zig:16   | Identified the +2 robe of the Bull {rF+} (You found it on
                  | level 16 of a ziggurat)
 94339 | Zig:16   | Got a wavering bronze ring
 94342 | Zig:16   | Identified the cursed ring "Miofef" {Dex+4 Slay-4} (You
                  | found it on level 16 of a ziggurat)
 94345 | Zig:16   | Identified Xietisoc's Arcane Secrets of Rites and Rhymes
 94357 | Zig:17   | Entered Level 17 of a ziggurat
 94514 | Zig:17   | Got a warped amber ring
 94517 | Zig:17   | Identified the ring "Cyom Irph" {+Fly rElec rN+} (You found
                  | it on level 17 of a ziggurat)
 94529 | Zig:18   | Entered Level 18 of a ziggurat
 94537 | Zig:18   | Noticed Entozof the pandemonium lord
 94537 | Zig:18   | Noticed Ehein the pandemonium lord
 94537 | Zig:18   | Noticed Vasee the pandemonium lord
 94538 | Zig:18   | Noticed Juplo the pandemonium lord
 94538 | Zig:18   | Noticed Hashih the pandemonium lord
 94539 | Zig:18   | Noticed Zenkipan the pandemonium lord
 94539 | Zig:18   | Noticed Emoprol the pandemonium lord
 94540 | Zig:18   | Noticed Kemema the pandemonium lord
 94540 | Zig:18   | Noticed Saogan the pandemonium lord
 94540 | Zig:18   | Noticed Oczejom the pandemonium lord
 94541 | Zig:18   | Paralysed by a floating eye for 2 turns
 94549 | Zig:19   | Entered Level 19 of a ziggurat
 95045 | Zig:19   | Identified the Grimoire of Fetching Combat Magic
 95049 | Zig:19   | Identified the Papyrus of the Damaging Frostbite
 95104 | Zig:19   | Lost mutation: [Scrolls take you much longer to read.]
                  | [potion of mutation]
 95104 | Zig:19   | Lost mutation: You have sharp fingernails. [potion of
                  | mutation]
 95104 | Zig:19   | Lost mutation: Armour fits poorly on your strangely shaped
                  | body. [potion of mutation]
 95104 | Zig:19   | Gained mutation: You have sharp toenails. [potion of
                  | mutation]
 95104 | Zig:19   | Gained mutation: You have razor-sharp toenails. [potion of
                  | mutation]
 95116 | Zig:20   | Entered Level 20 of a ziggurat
 95131 | Zig:20   | Gained mutation: You are dopey. (Int -2) [a cacodemon]
 95131 | Zig:20   | Killed from afar by a wind drake

Illustrated notes

Levels and vault maps discovered:
D:1:      lemuel_arrival_funnel, layout_loops_ring, minmay_nonomino_d4
D:2:      layout_rooms
D:3:      layout_basic, grunt_temple_overflow_growth_and_decay,
          cheibrodos_ashenzari_chains, uniq_robin
D:4:      minmay_evil_eye, layout_gridville, minmay_temple_entry_nine_rooms,
          serial_shops, shop, fedhas_altar_1
D:5:      kennysheep_windowed_halls, layout_cave_pools,
          amethyst_overflow_temple_binary, lemuel_doored_altar,
          gammafunk_ghost_cemetery, serial_column_ruins,
          column_ruins_square_small, column_ruins_grid_1,
          column_ruins_open_medium, column_ruins_open_tiny,
          column_ruins_columns_corner, column_ruins_columns_corner,
          column_ruins_open_tiny, uniq_sigmund, uniq_pikel, uniq_blork_the_orc
D:6:      layout_basic, gammafunk_temple_overflow_statue, lemuel_crystal_altar,
          kennysheep_minor_cross, chequers_serial_rivers_large_b, uniq_duvessa
D:7:      layout_cave_pods, elyvilon_altar_3, sword_in_stone
D:8:      layout_loops_corners, serial_bayou_pond_c, trog_ov_bears_minmay
D:9:      layout_roguey, david_lair_generic, minmay_orc_entry_temple_small,
          dk_noncrumbling_4
D:10:     layout_loops_ring, gammafunk_ghost_icy, minmay_misc_feat_rows,
          kennysheep_boxes
D:11:     layout_cave_pools, serial_shops, nicolae_shop_stone, uniq_sonja
D:12:     layout_loops_ring, serial_shops, nicolae_shop_statue_plus,
          uniq_jorgrun, uniq_fannar
D:13:     layout_cave_pools, basic_altar, serial_shops, shop,
          serial_column_ruins, column_ruins_square_small, column_ruins_grid_1,
          column_ruins_grid_4, column_ruins_grid_1, column_ruins_columns_corner
D:14:     layout_irregular_city, ximxim_vaults_locker_room, serial_bayou,
          serial_bayou_lake_a, serial_bayou_ford_a, serial_bayou_pond_b,
          serial_bayou_shore_b, chequers_serial_rivers_large_a
D:15:     grunt_enter_depths_snipers, layout_basic, serial_shops, shop,
          chequers_serial_rivers_small_b, small_chamber_with_monster
Temple:   dshaligram_water_room_temple
Lair:1:   layout_misc_corridors, ebering_ghost_xom, st_stairs_9,
          lemuel_altar_in_water2
Lair:2:   layout_cave_pods, shoals_dummy_entry, minmay_lair_oklob_chamber
Lair:3:   lemuel_slime, layout_regular_city,
          minmay_snake_entry_guardpost_medium, gammafunk_ghost_grave,
          portal_ice_cave_entry_ice_beasts
Lair:4:   layout_layer_cave, nicolae_volcano_entry_s_turn, minmay_lindwurm_lava
Lair:5:   layout_cellular_growth, minmay_slime_entry_pillars,
          minmay_stone_trees_small
Lair:6:   evilmike_catoblepas_cave, layout_cave_shapes, grunt_megastairs_5,
          serial_bayou_shore_a, serial_bayou_shore_b
Shoals:1: layout_shoals, serial_shops, nicolae_shop_crystal, st_sunken_temple
Shoals:2: layout_shoals, lemuel_altar_in_water, uniq_ilsuiw
Shoals:3: layout_shoals, serial_shops, nicolae_shop_statue_plus, st_cyclops
Shoals:4: shoals_end_hangedman, layout_shoals, ebering_ghost_davey_jones
Snake:1:  layout_misc_corridors, grunt_ministairs_3
Snake:2:  layout_cave_town, grunt_ministairs_7, statue_in_the_mist_lemuel,
          uniq_aizul, uniq_saint_roka
Snake:3:  layout_layer_cave, serial_shops, nicolae_shop_overgrown_old_shop,
          nicolae_snake_squiggles, nicolae_snake_serpentine_hallways,
          grunt_megastairs_4, minmay_shop_star, lemuel_fruit_tree, uniq_vashnia
Snake:4:  grunt_snake_rune_pools, layout_chambers, uniq_roxanne
Slime:1:  layout_caves, cheibrodos_slime_lost_civilization_4
Slime:2:  layout_caves
Slime:3:  cheibrodos_slime_lost_civilization_3, layout_caves, dissolution_awaits
Slime:4:  layout_caves
Slime:5
Orc:1:    cheibrodos_orc_guarddog, layout_caves, basic_altar,
          lemuel_statue_altar, uniq_harold
Orc:2:    st_orc_congregation, layout_caves
Elf:1:    eino_elf_arrival_altar, layout_onion_city, serial_shops, shop,
          hangedman_elf_disciples, minmay_shop_grove
Elf:2:    layout_loops_cross, gammafunk_ghost_fury_of_okawaru, fountainhead
Elf:3:    grunt_elf_hall_asides, layout_onion_city, mu_enter_wizlab_7,
          serial_shops, nicolae_shop_crystal, nicolae_shop_trees, shop
Vaults:1: st_hourglassy, ontoclasm_vaults_tryst, v_misc_10,
          nicolae_vaults_bisected_slash, vaults_room_hallway,
          ontoclasm_vaults_twist, vaults_room_stairs_pillars, v_misc_14,
          hangedman_vaults_cutoff, grunt_vaults_focal,
          grunt_vaults_hallway_short, layout_vaults_omnigrid
Vaults:2: nicolae_vaults_network_quinsquares
          [nicolae_vaults_network_quincunx_subvault,
          nicolae_vaults_network_quincunx_subvault,
          nicolae_vaults_network_quincunx_subvault,
          nicolae_vaults_network_quincunx_subvault],
          nicolae_vaults_know_your_exits, v_pattern_5, vaults_room_door_ring,
          hangedman_vaults_stagger, ontoclasm_vaults_ring_small,
          nicolae_vaults_big_ls, vaults_mumra_hex, vaults_room_semicircle,
          layout_vaults_chaotic_city
Vaults:3: minmay_crypt_entry_simple_round, vaults_dpeg_doors,
          nicolae_vaults_little_squares_1, nicolae_vaults_network_square,
          hangedman_vaults_restitches, vaults_room_hallway,
          vaults_room_ringed_pool, nicolae_vaults_c_with_doors,
          nicolae_vaults_asterisk, v_misc_19, vaults_room_pools,
          layout_vaults_maze_snakey, serial_shops, nicolae_shop_stone
Vaults:4: nicolae_vaults_network_barrier, hangedman_vaults_nails,
          hangedman_vaults_cutoff, dpeg_vaults_monster_row, v_misc_28,
          nicolae_vaults_diagonal_hallway_8, v_misc_32,
          ontoclasm_vaults_loading_screen, vaults_room_hallway,
          layout_vaults_big_cross, uniq_xtahua, uniq_frederick
Vaults:5: serial_shops
Crypt:1:  layout_gridlike, uniq_donald
Crypt:2:  layout_misc_corridors, grunt_megastairs_2
Crypt:3:  david_glass_crypt, layout_chaotic_city, lemuel_dead_fish_pool
Depths:1: layout_honeycomb, grunt_decor_resistance, hell_entry,
          minmay_the_grid_2x2 [minmay_the_grid_aliased_spiral,
          minmay_the_grid_all_tris, minmay_the_grid_mess,
          minmay_the_grid_prize_inner_circle]
Depths:2: minmay_stepped, layout_twisted_cross, abyss_entry, hell_entry,
          pan_entry, nicolae_twisting_strands, infiniplex_staircase_zigzag_1
Depths:3: evilmike_marble_ring, layout_cave_pools, abyss_entry, pan_entry,
          grunt_hell_entry_dis_old, chequers_serial_rivers_micro_a, st_stairs_4,
          infiniplex_staircase_pillars_2
Depths:4: hangedman_cross_stitches, layout_basic, marbit_kobold_abyss_entry,
          hell_entry, rand_demon_pan_entry_9, minmay_crystal_box,
          infiniplex_staircase_split_hallway
Depths:5: evilmike_zot_entry_diamond, layout_basic, enter_ziggurat_f,
          hell_entry, serial_shops, bzr_entry_safe, minmay_pinched_square,
          serial_bayou_shore_b
Zig:20:   ziggurat_pillar_abc, ziggurat_pillar_abc, ziggurat_pillar_abc,
          ziggurat_pillar_abc

Skill      XL: |  1  2  3  4  5  6  7  8  9 10 11 12 13 14 15 16 17 18 19 20 21 22 23 24 25 26 27 |
---------------+----------------------------------------------------------------------------------+-----
Earth Magic    | 4 5 6 7 8 9 10 11 12 13 14 15 16 17 18 19 22 | 22.0
Conjurations   | 1 2 3 5 6 7 8 9 10 11 12 13 14 15 16 17 22 | 22.0
Spellcasting   | 3 4 5 6 7 8 9 10 11 12 14 15 16 17 27 | 27.0
Fighting       | 2 3 5 6 8 9 10 11 12 13 14 15 27 | 27.0
Maces & Flails | 1 3 4 6 7 8 9 10 11 12 13 14 16 | 16.0
Armour         | 1 3 5 6 |  6.0
Dodging        | 2 3 4 5 6 7 8 9 10 11 12 15 | 15.0
Evocations     | 1 3 4 5 6 7 8 9 10 | 10.0
Air Magic      | 3 |  3.0
Fire Magic     | 9 14 16 17 18 19 22 | 22.0
Necromancy     | 18 | 18.0
Transmutations | 10 | 10.0
Staves         | 5 |  5.5
Stealth        | 26 | 26.9

Action                   |  1- 3 |  4- 6 |  7- 9 | 10-12 | 13-15 | 16-18 | 19-21 | 22-24 | 25-27 || total
-------------------------+-------+-------+-------+-------+-------+-------+-------+-------+-------++-------
Melee: Dagger            |   111 |   162 |   174 |       |       |       |       |       |       ||   447
       Rapier            |       |       |   107 |   591 |   854 |   838 |   497 |       |       ||  2887
       Short sword       |       |       |       |       |   122 |       |       |       |       ||   122
       Flail             |       |       |       |       |       |       |    91 |   503 |       ||   594
       Eveningstar       |       |       |       |       |       |       |       |    31 |   973 ||  1004
       Staff             |       |       |       |       |       |       |       |       |    21 ||    21
 Cast: Sandblast         |    12 |    45 |    56 |   119 |   150 |    21 |    14 |     5 |       ||   422
       Stone Arrow       |       |     1 |       |     7 |    12 |       |     2 |       |     3 ||    25
       Lee's Rapid Decon |       |       |     8 |    48 |   175 |    55 |    36 |    51 |    25 ||   398
       Iron Shot         |       |       |       |       |    42 |   234 |   216 |   151 |   258 ||   901
       Starburst         |       |       |       |       |    13 |    32 |       |       |       ||    45
       Ignition          |       |       |       |       |       |    28 |    76 |   104 |   156 ||   364
       Shatter           |       |       |       |       |       |       |       |    13 |   418 ||   431
       Fire Storm        |       |       |       |       |       |       |       |       |    94 ||    94
       Death's Door      |       |       |       |       |       |       |       |       |     2 ||     2
       Necromutation     |       |       |       |       |       |       |       |       |     1 ||     1
 Abil: Fly               |       |       |       |       |     1 |       |       |       |       ||     1
       Evoke Invisibilit |       |       |       |       |     1 |       |       |       |       ||     1
Evoke: Wand              |       |       |     1 |    12 |    20 |    18 |    25 |     3 |     2 ||    81
       Box of beasts     |       |       |       |       |     1 |     2 |     1 |       |     2 ||     6
       Condenser vane    |       |       |       |       |       |     4 |     4 |     1 |     4 ||    13
       Tin of tremorston |       |       |       |       |       |     2 |     4 |       |     4 ||    10
       Lightning rod     |       |       |       |       |       |       |     3 |       |       ||     3
       Phantom mirror    |       |       |       |       |       |       |       |       |     2 ||     2
       Figurine of a zig |       |       |       |       |       |       |       |       |     1 ||     1
  Use: Scroll            |       |    15 |     8 |     6 |    19 |     8 |    15 |    16 |    76 ||   163
       Potion            |       |       |     2 |     5 |     2 |     4 |     7 |     2 |    54 ||    76
 Stab: Sleeping          |       |     1 |     2 |     2 |     2 |     1 |       |     1 |     1 ||    10
       Paralysed         |       |       |       |    15 |    64 |       |       |       |       ||    79
       Invisible         |       |       |       |     5 |       |       |     4 |       |       ||     9
       Distracted        |       |       |       |       |       |     1 |       |       |     1 ||     2
Armor: Robe              |    59 |    51 |       |   207 |   258 |       |   200 |   286 |   889 ||  1950
       Animal skin       |       |    30 |   147 |   169 |       |       |       |       |       ||   346
       Leather armour    |       |       |       |       |   430 |   729 |   448 |       |       ||  1607
       Skin              |       |       |       |       |       |       |       |       |     1 ||     1
Dodge: Dodged            |    77 |   121 |   194 |   475 |   916 |   810 |   614 |   361 |  1218 ||  4786
Block: Other             |       |       |     9 |   105 |   246 |   209 |   160 |   104 |   242 ||  1075

Table legend: (Time is in decaauts)
 A = Elapsed time spent in this place.
 B = Non-inter-level travel time spent in this place.
 C = Inter-level travel time spent in this place.
 D = Time resting spent in this place.
 E = Time spent auto-exploring this place.
 F = Levels seen in this place.
 G = Mean time per level.
                   A        B        C        D        E       F      G
               +--------+--------+--------+--------+--------+-----+--------+
         Total |  95286 |  89207 |   6079 |  27726 |  40845 | 108 |  882.3 |
       Dungeon |  22901 |  20975 |   1926 |   5179 |  11278 |  15 | 1526.7 |
        Temple |     97 |     81 |     16 |      0 |     69 |   1 |   97.0 |
          Lair |  10153 |   9363 |    790 |   2040 |   5485 |   6 | 1692.2 |
        Shoals |   8398 |   8080 |    318 |   3161 |   3062 |   4 | 2099.5 |
     Snake Pit |  10110 |   9590 |    520 |   3739 |   4117 |   4 | 2527.5 |
    Slime Pits |   1261 |   1185 |     76 |    751 |     17 |   5 |  252.2 |
  Orcish Mines |   2677 |   2346 |    331 |    428 |   1270 |   2 | 1338.5 |
   Elven Halls |   5136 |   4663 |    473 |   1008 |   2363 |   3 | 1712.0 |
        Vaults |  12064 |  11394 |    670 |   3779 |   5862 |   5 | 2412.8 |
         Crypt |   3740 |   3565 |    175 |    721 |   2081 |   3 | 1246.7 |
        Depths |   8030 |   7249 |    781 |   1561 |   4314 |   5 | 1606.0 |
         Abyss |   1663 |   1663 |      0 |    515 |    346 |   4 |  415.8 |
      Ziggurat |   6514 |   6514 |      0 |   3748 |     21 |  47 |  138.6 |
        Bazaar |    350 |    350 |      0 |      0 |    199 |   1 |  350.0 |
      Ice Cave |   1403 |   1403 |      0 |    870 |    186 |   1 | 1403.0 |
       Volcano |    393 |    393 |      0 |    129 |     46 |   1 |  393.0 |
        Wizlab |    389 |    389 |      0 |     95 |    129 |   1 |  389.0 |
               +--------+--------+--------+--------+--------+-----+--------+

Top non-repeatable levels by time:
    D:14: 3593 daAuts
Vaults:4: 3186 daAuts
Vaults:2: 2955 daAuts
 Snake:4: 2952 daAuts
 Snake:3: 2800 daAuts
Shoals:4: 2773 daAuts
 Snake:2: 2613 daAuts
   Elf:1: 2422 daAuts
    D:12: 2371 daAuts
Vaults:3: 2335 daAuts
Shoals:1: 2317 daAuts
  Lair:2: 2291 daAuts
  Lair:6: 2260 daAuts
  Lair:4: 2160 daAuts
Vaults:1: 2096 daAuts
